 Dungeon Crawl Stone Soup version 0.26-a0-27-g1f0226971c (webtiles) character file.

Game seed: 7560989785346109099, levelgen mode: deterministic

28115 Dirian the Severer (level 13, -1/122 HPs)
             Began as a Minotaur Fighter on May 27, 2020.
             Was an Elder of Ru.
             Slain by a 16-headed hydra (4 damage)
             ... on level 4 of the Lair of Beasts.
             The game lasted 00:43:19 (17133 turns).

Dirian the Severer (Minotaur Fighter)              Turns: 17133, Time: 00:43:21

Health: -1/122     AC: 20    Str: 22    XL:     13   Next: 8%
Magic:  8/12       EV:  7    Int:  5    God:    Ru [****..]
Gold:   963        SH: 18    Dex: 14    Spells: 12/12 levels left

rFire    . . .     SeeInvis .   E - +0 broad axe
rCold    . . .     Gourm    .   c - +1 kite shield
rNeg     . . .     Faith    .   m - +0 chain mail
rPois    .         Spirit   .   (helmet restricted)
rElec    .         Reflect  +   z - +0 cloak
rCorr    +         Harm     .   n - +1 pair of gloves
MR       .....                  u - +0 pair of boots
Stlth    ..........             d - amulet of reflection
HPRegen  0.30/turn              t - ring of resist corrosion
MPRegen  0.13/turn              l - +4 ring of protection

@: mighty, exhausted
A: retaliatory headbutt, horns 2, no stealth, inability to use devices, no
conjurations magic, no earth magic, no necromancy magic
a: Draw Out Power, Power Leap, Renounce Religion


You were on level 4 of the Lair of Beasts.
You worshipped Ru.
Ru was greatly pleased with you.
You were not hungry.

You visited 2 branches of the dungeon, and saw 16 of its levels.
You also visited: Sewer.

You collected 963 gold pieces.

Inventory:

Hand Weapons
 a - a +0 war axe of protection
 C - a +0 war axe
 E - a +0 broad axe (weapon)
Armour
 c - a +1 kite shield (worn)
 m - a +0 chain mail (worn)
 n - a +1 pair of gloves (worn)
 s - a +0 tower shield
 u - a +0 pair of boots (worn)
 z - a +0 cloak (worn)
Jewellery
 d - an amulet of reflection (around neck)
 j - an uncursed ring of ice
 l - a +4 ring of protection (right hand)
 o - a cursed ring of attention {unknown}
 t - a ring of resist corrosion (left hand)
 F - an uncursed ring of protection from cold {unknown}
 G - an uncursed ring of fire {unknown}
Scrolls
 b - 4 scrolls of fog
 g - 4 scrolls of teleportation
 i - 5 scrolls of blinking
 k - 3 scrolls of magic mapping
 y - 2 scrolls of remove curse
 A - 4 scrolls of identify
 D - a scroll of enchant weapon {unknown}
Potions
 e - 12 potions of curing
 h - 4 potions of magic
 p - 3 potions of lignification
 q - a potion of mutation
 r - 3 potions of flight
 w - 3 potions of heal wounds
 x - a potion of might
 B - 2 potions of haste
Comestibles
 f - 23 rations
 v - 3 chunks of flesh


   Skills:
 + Level 13.4 Fighting
 + Level 18.2 Axes
 + Level 9.1 Armour
 - Level 10.0 Shields


You had 12 spell levels left.
You didn't know any spells.
Your spell library contained the following spells:

 Spells                   Type           Power        Failure   Level  Hunger
 Apportation              Tloc           #.....       100%        1    ##.....
 Corona                   Hex            #......      100%        1    ##.....
 Summon Small Mammal      Summ           #...         100%        1    ##.....
 Call Imp                 Summ           #.......     100%        2    ###....
 Poisonous Vapours        Pois/Air       #.....       100%        2    ###....
 Slow                     Hex            #.......     100%        2    ###....
 Call Canine Familiar     Summ           #.......     100%        3    ####...
 Inner Flame              Hex/Fire       #.......     100%        3    ####...
 Portal Projectile        Hex/Tloc       #.....       100%        3    ####...
 Summon Guardian Golem    Hex/Summ       #.......     100%        3    ####...
 Cause Fear               Hex            #.........   100%        4    #####..
 Summon Ice Beast         Ice/Summ       #.......     100%        4    #####..
 Summon Lightning Spire   Summ/Air       #.......     100%        4    #####..
 Ring of Flames           Chrm/Fire      #.........   100%        7    #######
 Animate Skeleton         Necr           Unusable     N/A         1    N/A
 Conjure Flame            Conj/Fire      Unusable     N/A         3    N/A
 Mephitic Cloud           Conj/Pois/Air  Unusable     N/A         3    N/A
 Leda's Liquefaction      Hex/Erth       Unusable     N/A         4    N/A
 Freezing Cloud           Conj/Ice/Air   Unusable     N/A         6    N/A

Dungeon Overview and Level Annotations

Branches:
Dungeon (12/15)            Temple (0/1) D:4            Lair (4/6) D:10
 Shoals (0/4) Lair:3          Orc (0/2) D:11          Sewer (visited)
  Snake: Lair:2-4    Spider: Lair:2-4

Altars:
Cheibriados
Dithmenos
Nemelex Xobeh
Okawaru
Qazlal
Ru
Sif Muna
Trog
Vehumet
Zin
The Shining One

Shops:
D:9 (

Annotations:
D:6 exclusion: electric eel
D:7 2 transporters, emiel's ghost, novice SpBe
D:12 Azrael
Lair:1 2 transporters, Wiawib's ghost, journeyman GrFi
Lair:3 exclusion: oklob plant


Innate Abilities, Weirdness & Mutations

You reflexively headbutt those who attack you in melee.
You have a pair of horns on your head.
You cannot be stealthy.
You cannot study or use magical devices.
You cannot study or cast Conjurations magic.
You cannot study or cast Earth magic.
You cannot study or cast Necromancy magic.


Message History

The 15-headed hydra bites you but does no damage.
You block the 15-headed hydra's attack. The 15-headed hydra bites you!
* * * LOW HITPOINT WARNING * * *
The 15-headed hydra barely misses you. You block the 15-headed hydra's attack.
The 15-headed hydra barely misses you. You block the 15-headed hydra's attack.
The 15-headed hydra bites you.
* * * LOW HITPOINT WARNING * * *
The 15-headed hydra bites you but does no damage.
You hack one of the 15-headed hydra's heads off!
The 14-headed hydra grows two more!
You slash the 16-headed hydra! You headbutt the 16-headed hydra!
The 16-headed hydra is almost dead.
Your shield and chain mail prevent you from hitting the 16-headed hydra.
The 16-headed hydra is almost dead.
You block the 16-headed hydra's attack.
The 16-headed hydra bites you but does no damage.
You block the 16-headed hydra's attack.
The 16-headed hydra bites you but does no damage.
The 16-headed hydra closely misses you. The 16-headed hydra bites you.
You die...

.....!.........
.......#...#.....
.....#..)..#.#..#
..............P.#
.................
.................
.................
........†@D......
........†........
........<......#.
.#P....##†....##
....... ......#
....... ........
....... ##.......
....... .......
..#.... ......


You could see a 16-headed hydra.

Vanquished Creatures
  Erica (D:11)
  A two-headed ogre (D:8)
  2 ugly things
  A cyclops (D:11)
  2 black mambas
  A torpor snail (Lair:2)
  6 spiny frogs
  2 gargoyles
  A centaur skeleton (D:10)
  3 kobold demonologists (D:12)
  4 komodo dragons
  A rime drake (Lair:3)
  3 trolls
  5 hippogriffs
  10 blink frogs
  2 dream sheep (D:8)
  23 yaks
  4 wyverns
  Eustachio (D:5)
  Grum (D:11)
  A hungry ghost (D:8)
  4 vampire mosquitoes (D:12)
  Edmund (D:6)
  9 water moccasins
  6 orc warriors
  8 porcupines
  A phantom (D:4)
  3 ice beasts
  4 sky beasts
  3 black bears
  14 ogres
  8 wolves
  15 centaurs
  6 crocodiles
  10 big kobolds
  9 bullfrogs
  6 gnoll sergeants (D:11)
  A water moccasin zombie (D:12)
  A wyvern zombie (D:12)
  4 scorpions
  2 killer bees (D:7)
  10 wights
  An electric eel (D:11)
  A centaur zombie (D:12)
  7 crimson imps
  A bullfrog zombie (D:9)
  8 hounds
  4 orc priests
  4 bullfrog skeletons
  A jelly (D:7)
  3 gnoll shamans (D:5)
  12 orc wizards
  3 iguanas
  7 worker ants
  A killer bee zombie (D:6)
  A hound zombie (D:6)
  A hound skeleton (D:8)
  2 worker ant zombies
  49 gnolls
  12 adders
  2 river rats
  3 shadow imps
  An ooze (D:4)
  2 adder skeletons
  2 adder zombies
  2 worms
  A dart slug (D:5)
  7 leopard geckos
  74 orcs
  2 bats
  2 giant cockroaches (D:3)
  9 goblins
  13 hobgoblins
  20 jackals
  5 quokkas
  10 ball pythons
  6 frilled lizards
  27 kobolds
  A leopard gecko skeleton (D:5)
  A quokka zombie (D:9)
  11 rats
  3 fungi
  2 plants
524 creatures vanquished.

Vanquished Creatures (others)
  A hydra (D:8)
  A troll (D:11)
  An ogre (D:11)
  A shadow imp (D:12)
  An orc (D:7)
  A quokka (D:12)
  4 fungi
  6 plants
16 creatures vanquished.

Grand Total: 540 creatures vanquished

Notes
Turn   | Place    | Note
-------+----------+-------------------------------------------
     0 | D:1      | Dirian the Minotaur Fighter began the quest for the Orb.
     0 | D:1      | Reached XP level 1. HP: 19/19 MP: 0/0
   556 | D:1      | Reached XP level 2. HP: 27/27 MP: 1/1
   914 | D:2      | Found a sacrificial altar of Ru.
  1161 | D:2      | Reached skill level 3 in Axes
  1306 | D:2      | Found a glowing golden altar of the Shining One.
  1440 | D:2      | Became a worshipper of Ru the Awakened
  1490 | D:3      | Reached XP level 3. HP: 33/33 MP: 2/2
  1501 | D:3      | Reached XP level 4. HP: 40/40 MP: 3/3
  1650 | D:3      | Reached skill level 4 in Axes
  2241 | D:3      | Reached XP level 5. HP: 47/47 MP: 4/4
  2315 | D:3      | Reached skill level 5 in Axes
  2526 | D:3      | Found a shimmering blue altar of Sif Muna.
  2721 | D:4      | Found a snail-covered altar of Cheibriados.
  2890 | D:4      | Found a staircase to the Ecumenical Temple.
  2937 | D:4      | Gained mutation: You cannot study or use magical devices.
                  | [Ru sacrifice]
  2937 | D:4      | Reached * piety under Ru
  2937 | D:4      | Reached ** piety under Ru
  3104 | D:4      | Found a radiant altar of Vehumet.
  3198 | D:4      | Noticed a phantom
  3266 | D:3      | Reached XP level 6. HP: 32/53 MP: 5/5
  3337 | D:4      | Reached skill level 6 in Axes
  3778 | D:5      | Entered Level 5 of the Dungeon
  3905 | D:5      | Reached skill level 5 in Armour
  3917 | D:5      | Found a sparkling altar of Nemelex Xobeh.
  3983 | D:5      | Reached skill level 7 in Axes
  3987 | D:5      | Reached XP level 7. HP: 50/60 MP: 6/6
  4076 | D:5      | Reached skill level 5 in Shields
  4164 | D:5      | Reached skill level 5 in Fighting
  4164 | D:5      | Reached skill level 8 in Axes
  4733 | D:5      | Noticed Eustachio
  4739 | D:5      | Reached skill level 9 in Axes
  4768 | D:5      | Reached XP level 8. HP: 23/68 MP: 7/7
  4823 | D:5      | Killed Eustachio
  4823 | D:5      | Reached skill level 10 in Axes
  5291 | D:5      | Gained mutation: You cannot be stealthy. [Ru sacrifice]
  5291 | D:5      | Reached *** piety under Ru
  5485 | D:5      | Reached skill level 11 in Axes
  5740 | D:5      | Identified a scroll of acquirement
  5771 | D:6      | Noticed Edmund
  5993 | D:6      | Killed Edmund
  5993 | D:6      | Reached skill level 12 in Axes
  6045 | D:6      | Reached XP level 9. HP: 43/75 MP: 8/8
  6101 | D:6      | Found a glowing silver altar of Zin.
  6136 | D:6      | Found a glowing drain.
  6141 | Sewer    | Entered a sewer
  7423 | D:7      | Gained mutation: You cannot study or cast Earth magic. [Ru
                  | sacrifice]
  7423 | D:7      | Gained mutation: You cannot study or cast Necromancy magic.
                  | [Ru sacrifice]
  7423 | D:7      | Gained mutation: You cannot study or cast Conjurations
                  | magic. [Ru sacrifice]
  7423 | D:7      | Reached **** piety under Ru
  7477 | D:7      | Reached skill level 13 in Axes
  7483 | D:7      | Noticed a gargoyle
  7484 | D:7      | Noticed a green ugly thing
  7510 | D:7      | Killed a green ugly thing
  7545 | D:7      | Killed a gargoyle
  7545 | D:7      | Reached skill level 14 in Axes
  8136 | D:7      | Found a transporter.
  8138 | D:7      | Noticed emiel's ghost (novice SpBe)
  8139 | D:7      | Identified the +10 dire flail "Neom" {freeze, *Rage rC+
                  | Int+4 Dex+2}
  8144 | D:7      | Found a transporter.
  8197 | D:7      | Found a bloodstained altar of Trog.
  8295 | D:7      | Found an iron altar of Okawaru.
  8300 | D:7      | Found a shadowy altar of Dithmenos.
  8310 | D:7      | Reached XP level 10. HP: 75/86 MP: 9/9
  8803 | D:8      | Noticed a two-headed ogre
  8819 | D:8      | Killed a two-headed ogre
  8819 | D:8      | Reached skill level 15 in Axes
  9181 | D:8      | Found a sparkling altar of Nemelex Xobeh.
  9406 | D:8      | Noticed a three-headed hydra
  9429 | D:8      | Killed a five-headed hydra
  9429 | D:8      | Reached skill level 16 in Axes
  9611 | D:8      | Found a bloodstained altar of Trog.
  9611 | D:8      | Found a stormy altar of Qazlal.
 10327 | D:9      | Found Oxie's Weapon Shoppe.
 10356 | D:9      | Noticed a white ugly thing
 10364 | D:9      | Killed a white ugly thing
 10484 | D:9      | Reached XP level 11. HP: 90/99 MP: 10/10
 10585 | D:9      | Found a bloodstained altar of Trog.
 10738 | D:10     | Entered Level 10 of the Dungeon
 11221 | D:10     | Reached skill level 10 in Fighting
 11805 | D:10     | Found a staircase to the Lair.
 12970 | D:11     | Noticed Erica
 12981 | D:11     | Killed Erica
 13255 | D:11     | Noticed Grum
 13283 | D:11     | Killed Grum
 13518 | D:11     | Found a staircase to the Orcish Mines.
 13596 | D:11     | Reached XP level 12. HP: 106/110 MP: 11/11
 13749 | D:12     | Reached skill level 17 in Axes
 13975 | D:12     | Noticed Azrael
 14014 | Lair:1   | Entered Level 1 of the Lair of Beasts
 14103 | Lair:1   | Reached skill level 10 in Shields
 14662 | Lair:1   | Found a transporter.
 14663 | Lair:1   | Found a transporter.
 14664 | Lair:1   | Noticed Wiawib's ghost (journeyman GrFi)
 16275 | Lair:3   | Reached skill level 18 in Axes
 16630 | Lair:3   | Found a staircase to the Shoals.
 16775 | Lair:3   | Reached XP level 13. HP: 106/122 MP: 12/12
 17131 | Lair:4   | HP: 4/122 [15-headed hydra (11)]
 17133 | Lair:4   | Slain by a 16-headed hydra

Illustrated notes

Levels and vault maps discovered:
D:1:      dpeg_arrival_rooms_c, layout_basic
D:2:      layout_basic, old_standard_altar, tso_metal_star
D:3:      layout_basic, lemuel_coloured_pillars_altar
D:4:      layout_loops_ring, nicolae_overflow_hidden_temple,
          cheibriados_altar_1, minmay_temple_entry_statues_fountains,
          minmay_goblin_outpost
D:5:      lemuel_castle_with_subvaults [lemuel_castle_interior_carwin_1],
          layout_cave_pods, first_ration, nemelex_lonely_heart_becter,
          uniq_eustachio
D:6:      layout_cave_pods, portal_sewer_entry_e, basic_altar, serial_bayou,
          serial_bayou_pond_b, serial_bayou_shore_b, serial_bayou_shore_a,
          serial_bayou_pond_e, grunt_ministairs_3, serial_bayou_lagoon_a,
          uniq_edmund
D:7:      minmay_chambers_of_sevens, layout_loops_ring,
          grunt_temple_overflow_open, gammafunk_ghost_smash,
          trog_ov_bears_minmay
D:8:      layout_loops_ring, nemelex_xobeh_ov_fountains_minmay,
          gammafunk_temple_overflow_elements, hangedman_ranch
          [blue_anna_fruit_fields], grunt_decor_cap, roderic_lattice_a,
          nicolae_underground_beach
D:9:      layout_roguey, serial_shops, shop, trog_hazing_becter
D:10:     layout_basic, grunt_lair_entry_orc_guard_hut, special_room
          [special_room_orc], kennysheep_generic_room_8
D:11:     argonaut_augean_stables, layout_long_grid,
          kennysheep_orc_monster_closet_entryway, uniq_erica, uniq_grum
D:12:     layout_cross, uniq_azrael
Lair:1:   layout_chaotic_city, gammafunk_ghost_hive,
          chequers_serial_rivers_small_a, grunt_forest_stairs_basic
Lair:2:   layout_roguey
Lair:3:   layout_long_grid, minmay_shoals_entry_centaurs, lemuel_fruit_fields,
          minmay_lair_oklob_chamber, infiniplex_staircase_pool_2
Lair:4:   layout_gridlike, spider_nest_entry_a, pf_torpor_hydra

Skill      XL: |  1  2  3  4  5  6  7  8  9 10 11 12 |
---------------+-------------------------------------+-----
Fighting       | 4 5 6 7 9 11 13 | 13.4
Axes           | 3 4 5 7 9 12 14 16 18 | 18.2
Armour         | 4 5 7 9 |  9.1
Shields        | 4 5 9 10 | 10.0

Action                   |  1- 3 |  4- 6 |  7- 9 | 10-12 | 13-15 || total
-------------------------+-------+-------+-------+-------+-------++-------
Melee: War axe           |    50 |   185 |   556 |   900 |       ||  1691
       Headbutt          |    10 |    24 |    84 |   210 |     8 ||   336
       Broad axe         |       |       |       |   137 |    23 ||   160
Invok: Sacrifice Artific |       |     1 |       |       |       ||     1
       Draw Out Power    |       |       |     2 |       |       ||     2
       Sacrifice Stealth |       |       |     1 |       |       ||     1
       Sacrifice Arcana  |       |       |     1 |       |       ||     1
       Reject Sacrifices |       |       |       |     2 |       ||     2
       Power Leap        |       |       |       |     1 |     1 ||     2
  Use: Potion            |       |     1 |     3 |     2 |     1 ||     7
       Scroll            |       |       |    14 |     5 |       ||    19
 Stab: Invisible         |       |       |     1 |     3 |       ||     4
       Distracted        |       |       |     4 |     6 |       ||    10
  Eat: Chunk             |     2 |     8 |    11 |    27 |     1 ||    49
       Ration            |       |       |     1 |     1 |       ||     2
Armor: Scale mail        |    26 |    42 |       |       |       ||    68
       Chain mail        |       |    33 |   257 |   259 |    51 ||   600
Dodge: Dodged            |    10 |    56 |   106 |    96 |    15 ||   283
Block: Kite shield       |    23 |    92 |   252 |   605 |    53 ||  1025
       Reflection        |       |       |       |    31 |       ||    31

Table legend:
 A = Non-vault XP
 B = Vault XP
 C = Vault XP percentage of total XP
 D = Non-vault monster count
 E = Vault monster count
 F = Vault count percentage of total count
                 A         B        C        D         E       F
            +---------+---------+-------+---------+---------+-------
      Total |   27244 |   12921 |  32.2 |     327 |     196 |  37.5
            +---------+---------+-------+---------+---------+-------
        D:1 |      17 |       0 |   0.0 |      10 |       0 |   0.0
        D:2 |      21 |       0 |   0.0 |       6 |       0 |   0.0
        D:3 |     268 |       0 |   0.0 |      31 |       0 |   0.0
        D:4 |     215 |      10 |   4.4 |       9 |       5 |  35.7
        D:5 |     709 |     965 |  57.6 |      24 |      56 |  70.0
        D:6 |     869 |     297 |  25.5 |      31 |      15 |  32.6
        D:7 |     497 |    1688 |  77.3 |      20 |      14 |  41.2
        D:8 |    2272 |    1505 |  39.8 |      29 |       8 |  21.6
        D:9 |    1724 |      11 |   0.6 |      25 |       6 |  19.4
       D:10 |    1373 |    1150 |  45.6 |      13 |      31 |  70.5
       D:11 |    2822 |    5743 |  67.1 |      43 |      39 |  47.6
       D:12 |    3157 |       0 |   0.0 |      24 |       0 |   0.0
     Lair:1 |    4492 |       0 |   0.0 |      24 |       0 |   0.0
     Lair:2 |    2952 |       0 |   0.0 |      15 |       0 |   0.0
     Lair:3 |    5242 |    1512 |  22.4 |      20 |       8 |  28.6
     Lair:4 |     614 |       0 |   0.0 |       3 |       0 |   0.0
      Sewer |       0 |      40 | 100.0 |       0 |      14 | 100.0
            +---------+---------+-------+---------+---------+-------
